 Dungeon Crawl Stone Soup version 0.23.0 (webtiles) character file.

Game seed: 11081982107501964474

15631 Gorice the Severer (level 12, -13/84 HPs)
             Began as a Hill Orc Wanderer on Feb 9, 2019.
             Was a High Priest of the Shining One.
             Killed from afar by a bog body (17 damage)
             ... with a bolt of cold
             ... on level 3 of the Lair of Beasts.
             The game lasted 00:51:57 (15086 turns).

Gorice the Severer (Hill Orc Wanderer)             Turns: 15086, Time: 00:51:58

Health: -13/84     AC: 25    Str: 20    XL:     12   Next: 29%
Magic:  18/18      EV:  7    Int: 14    God:    the Shining One [*****.]
Gold:   467        SH:  0    Dex:  8    Spells: 13/13 levels left

rFire    . . .     SeeInvis .   a - +0 battleaxe
rCold    . . .     Gourm    .   (shield currently unavailable)
rNeg     + + .     Faith    .   I - +0 plate armour
rPois    .         Spirit   .   g - +2 helmet
rElec    .         Reflect  .   p - +0 cloak
rCorr    .         Harm     .   h - +1 pair of gloves
MR       .....                  y - +1 pair of boots
Stlth    ..........             n - amulet of rage
HPRegen  0.24/turn              (no ring)
MPRegen  0.16/turn              (no ring)

@: starving, glowing
A: no striking features
a: Divine Shield, Cleansing Flame, Summon Divine Warrior, Renounce Religion,
Evoke Berserk Rage


You were on level 3 of the Lair of Beasts.
You worshipped the Shining One.
The Shining One was extremely pleased with you.
You were starving.

You visited 3 branches of the dungeon, and saw 13 of its levels.
You also visited: Ossuary.

You collected 649 gold pieces.
You spent 182 gold pieces at shops.

Inventory:

Hand Weapons
 a - a +0 battleaxe (weapon)
 b - a +2 hand axe of flaming
   (You found it on level 2 of the Lair of Beasts)
Missiles
 d - 5 javelins
 v - 2 steel tomahawks
 E - 9 tomahawks (quivered)
Armour
 g - a +2 helmet (worn)
 h - a +1 pair of gloves (worn)
 p - a +0 cloak (worn)
 y - a +1 pair of boots (worn)
 I - a +0 plate armour (worn)
 N - +0 ice dragon scales
Jewellery
 n - an amulet of rage (around neck)
 J - a +4 amulet of reflection
 L - an uncursed amulet of regeneration {unknown}
Wands
 o - a wand of digging (4)
 G - a wand of disintegration (23)
 H - a wand of enslavement (7)
 M - a wand of flame (17)
Scrolls
 c - 3 scrolls of teleportation {!r}
 r - 3 scrolls of remove curse
 A - 2 scrolls of fear {!r}
 F - a scroll of magic mapping {!r}
Potions
 j - 5 potions of heal wounds {!q}
 l - 8 potions of curing
 m - a potion of agility {!q}
 q - 3 potions of berserk rage
 s - 2 potions of might {!q}
 x - 4 potions of flight
 C - 2 potions of haste {!q}
 D - 3 potions of magic {!q}
 P - a potion of invisibility {unknown}
Comestibles
 f - 21 rations


   Skills:
 - Level 1.2 Fighting
 + Level 15.9 Axes
 + Level 12.3 Armour
 - Level 1.0 Stealth
   Level 1.1 Shields
 - Level 1.0 Spellcasting
   Level 1.0 Necromancy
   Level 1.0 Transmutations
 - Level 8.0 Invocations
 + Level 7.6 Evocations


You had 13 spell levels left.
You didn't know any spells.
Your spell library contained the following spells:

 Spells                   Type           Power        Failure   Level  Hunger
 Confusing Touch          Hex            #.....       98%         1    ##.....
 Corona                   Hex            #......      98%         1    ##.....
 Ensorcelled Hibernation  Hex/Ice        #.....       99%         2    ###....
 Confuse                  Hex            #.......     100%        3    ####...
 Dazzling Spray           Conj/Hex       #.....       100%        3    ####...
 Gell's Gravitas          Tloc           #.........   100%        3    ####...
 Tukima's Dance           Hex            #.......     100%        3    ####...
 Ice Form                 Ice/Tmut       #.......     100%        4    #####..
 Petrify                  Tmut/Erth      #.......     100%        4    #####..
 Throw Icicle             Conj/Ice       #.......     100%        4    #####..
 Metabolic Englaciation   Hex/Ice        #.........   100%        5    ######.
 Yara's Violent Unravell  Hex/Tmut       #.........   100%        5    ######.


Dungeon Overview and Level Annotations

Branches:
Dungeon (9/15)             Temple (1/1) D:4            Lair (3/6) D:9
  Swamp: Lair:2-4    Shoals: Lair:2-4     Snake: Lair:2-4    Spider: Lair:2-4
    Orc: D:9-12

Altars:
Ashenzari
Cheibriados
Dithmenos
Elyvilon
Fedhas
Gozag
Hepliaklqana
Kikubaaqudgha
Makhleb
Nemelex Xobeh
Okawaru
Qazlal
Ru
Sif Muna
Trog
Uskayaw
Vehumet
Wu Jian
Xom
Yredelemnul
Zin
The Shining One

Shops:
D:6 !*   D:7 }   D:9 (

Annotations:
D:2 1 runed translucent door, Crazy Yiuf, Natasha


Message History

You slash the komodo dragon!
The komodo dragon is severely wounded.
Your plate armour prevents you from hitting the swamp worm.
You are starving!
The komodo dragon completely misses you.
The swamp worm bites you!
Damage: 13 (max 13) Unknown command.
The komodo dragon bites you but does no damage.
The swamp worm throws harpoon shot at you.
The harpoon shot hits you but does no damage.
The electric eel shoots out a bolt of lightning at you!
The bolt of electricity misses you.
The swamp worm throws harpoon shot at you.
The harpoon shot hits you!
You are yanked forward by the harpoon shot.
The komodo dragon bites you!
The swamp worm bites you but does no damage.
Damage: 19 (max 19)
The komodo dragon closely misses you. The swamp worm bites you!
* * * LOW HITPOINT WARNING * * *
Damage: 10 (max 19) Unknown command.
The komodo dragon bites you!!
* * * LOW HITPOINT WARNING * * *
Damage: 18 (max 19) Unknown command.
Really read
A - 4 scrolls of fear {!r}?
As you read the scroll of fear {!r}, it crumbles to dust.
You assume a fearsome visage.
The swamp worm looks frightened!
The swamp worm resists with some effort.
The komodo dragon looks frightened!
The swamp worm bites you but does no damage.
The swamp worm barely misses you.
Unknown command.
Really read
A - 3 scrolls of fear {!r}?
As you read the scroll of fear {!r}, it crumbles to dust.
You assume a fearsome visage.
The bog body is unaffected.
The swamp worm looks frightened!
Really quaff
j - 6 potions of heal wounds {!q}?
You feel much better. The bog body casts a spell at you.
You resist with some effort. The bog body casts a spell at you.
The bolt of cold hits you!!
* * * LOW HITPOINT WARNING * * *
Damage: 31 (max 31)
The bog body gestures at you while chanting.
The bolt of cold hits you!
You die...

#.##.......## #......#
####......#.# #.....##
#......### #.....###
##.......# #.....#.#
#.......P# #.....w##
##.......# #.....##
##......## #.....#
#........########.....#
##............@...n...####
##.....♣♣♣♣♣♣♣♣.........w#
#..♣♣♣♣♣♣♣♣♣♣♣♣♣♣♣♣♣.....#
#.♣♣ §≈≈≈≈≈≈;≈≈≈≈♣♣♣..l#
###.♣ .......♣.♣.w...⌠..#
#.#.♣ ♣........n.w..⌠..##
##).♣♣ §≈≈≈≈≈≈♣≈≈≈≈♣♣♣...P#
##...♣♣♣♣♣♣♣♣♣♣♣♣♣♣♣♣♣...#.##
#.......# ♣..........#


You could see a bog body.

Vanquished Creatures
  2 hydras (Lair:2)
  5 elephants (Lair:3)
  3 black mambas
  Joseph (D:9)
  5 spiny frogs
  2 rime drakes
  2 komodo dragons (Lair:2)
  A polar bear (Lair:3)
  4 blink frogs
  2 bog bodies (Lair:3)
  4 hippogriffs
  7 yaks
  A wyvern (D:9)
  3 hogs (D:8)
  A human (D:8)
  Menkaure (D:4)
  A swamp worm (Lair:3)
  4 water moccasins
  5 porcupines
  An ice beast (D:8)
  2 sky beasts
  2 black bears
  2 orc warriors
  2 necrophages
  3 phantoms
  3 ogres (D:4)
  A centaur (D:8)
  6 crocodiles
  A big kobold (D:9)
  An elf zombie (Ossuary)
  9 bullfrogs
  A wyvern skeleton (D:9)
  3 wights (D:5)
  A howler monkey (D:6)
  7 crimson imps
  A bullfrog zombie (D:8)
  A centaur zombie (Ossuary)
  A quasit (D:7)
  3 hounds
  3 jellies
  A human zombie (Ossuary)
  5 orc priests
  3 bullfrog skeletons
  6 worker ants
  5 iguanas
  2 big kobold zombies (Ossuary)
  A hound zombie (D:8)
  2 mummies (Ossuary)
  2 worker ant zombies
  2 howler monkey zombies (D:7)
  5 gnolls
  5 adders
  A howler monkey skeleton (D:6)
  4 river rats (D:6)
  A worm (D:2)
  An adder skeleton (D:7)
  3 adder zombies
  A dart slug (D:4)
  7 leopard geckos
  24 orcs
  3 giant cockroaches
  3 hobgoblins
  9 jackals
  5 quokkas
  2 ball pythons
  4 bats
  A frilled lizard (D:2)
  8 goblins
  A goblin zombie (Ossuary)
  12 hobgoblin zombies (Ossuary)
  A jackal zombie (Ossuary)
  7 kobolds
  9 kobold zombies (Ossuary)
  A leopard gecko skeleton (D:6)
  6 orc zombies (Ossuary)
  2 rats (D:2)
263 creatures vanquished.

Vanquished Creatures (others)
  9 fungi (Lair:2)
  4 plants (Lair:2)
13 creatures vanquished.

Grand Total: 276 creatures vanquished

Notes
Turn   | Place    | Note
-------+----------+-------------------------------------------
     0 | D:1      | Gorice the Hill Orc Wanderer began the quest for the Orb.
     0 | D:1      | Gorice set off with the following items: a +2 hand axe, a
                  | +0 mace, a scroll of teleportation {!r}, a +0 robe, a
                  | ration
     0 | D:1      | Reached XP level 1. HP: 16/16 MP: 2/2
   378 | D:1      | Reached XP level 2. HP: 21/23 MP: 3/3
  1016 | D:2      | Reached skill level 5 in Axes
  1016 | D:2      | Reached XP level 3. HP: 24/28 MP: 4/4
  1196 | D:2      | Noticed Natasha
  1504 | D:2      | Reached skill level 2 in Armour
  1631 | D:2      | Found a runed translucent door.
  1632 | D:2      | Noticed Crazy Yiuf
  1766 | D:2      | Found a white marble altar of Elyvilon.
  1837 | D:2      | Found a burning altar of Makhleb.
  1863 | D:2      | Reached XP level 4. HP: 25/35 MP: 5/5
  2141 | D:3      | Found a snail-covered altar of Cheibriados.
  2175 | D:3      | Found a hazy altar of Hepliaklqana.
  2249 | D:3      | Reached skill level 6 in Axes
  2700 | D:3      | Reached skill level 3 in Armour
  2700 | D:3      | Reached XP level 5. HP: 29/40 MP: 6/6
  2934 | D:4      | Noticed an ogre
  3019 | D:4      | Found a glowing golden altar of the Shining One.
  3024 | D:4      | Became a worshipper of the Shining One
  3043 | D:4      | Noticed Menkaure
  3046 | D:4      | Noticed an ogre
  3109 | D:4      | Killed an ogre
  3109 | D:4      | Reached skill level 7 in Axes
  3259 | D:4      | Killed an ogre
  3259 | D:4      | Reached XP level 6. HP: 35/47 MP: 7/7
  3462 | D:4      | HP: 11/70 [Menkaure (16)]
  3464 | D:4      | Killed Menkaure
  3464 | D:4      | Reached skill level 8 in Axes
  3464 | D:4      | Reached skill level 4 in Armour
  3806 | D:4      | Reached XP level 7. HP: 52/52 MP: 8/8
  3934 | D:4      | Found a staircase to the Ecumenical Temple.
  3981 | Temple   | Entered the Ecumenical Temple
  4237 | D:4      | Identified the Disquisition on Cold
  4360 | D:3      | Reached skill level 9 in Axes
  4523 | D:5      | Entered Level 5 of the Dungeon
  4668 | D:5      | Reached skill level 5 in Armour
  4676 | D:5      | Reached * piety under the Shining One
  5139 | D:5      | Found an ornate altar of the Wu Jian Council.
  5273 | D:6      | Reached skill level 10 in Axes
  5281 | D:6      | Found a sand-covered staircase.
  5289 | Ossuary  | Entered an ossuary
  5326 | Ossuary  | Reached ** piety under the Shining One
  5409 | Ossuary  | Reached XP level 8. HP: 50/59 MP: 9/9
  5410 | Ossuary  | Reached *** piety under the Shining One
  5464 | Ossuary  | Reached **** piety under the Shining One
  5579 | D:6      | Reached skill level 6 in Armour
  5579 | D:6      | Reached skill level 1 in Invocations
  5594 | D:6      | Found Nyunij's Assorted Antiques.
  5606 | D:6      | Reached skill level 2 in Invocations
  5658 | D:6      | Reached skill level 11 in Axes
  5951 | D:6      | Reached skill level 3 in Invocations
  6104 | D:6      | Reached skill level 4 in Invocations
  6222 | D:6      | Reached skill level 7 in Armour
  6222 | D:6      | Reached XP level 9. HP: 52/64 MP: 8/12
  6698 | D:6      | Found Vuth's Distillery.
  6703 | D:6      | Bought a potion of degeneration for 14 gold pieces
  6703 | D:6      | Bought a potion of might for 56 gold pieces
  6745 | D:6      | Reached skill level 5 in Invocations
  6851 | D:6      | Bought a scroll labeled JUNGAA XOOX for 21 gold pieces
  7023 | D:7      | Found Biawkycs's Gadget Shoppe.
  7053 | D:7      | Found a stormy altar of Qazlal.
  7170 | D:7      | Reached skill level 12 in Axes
  7371 | D:7      | Reached skill level 6 in Invocations
  7609 | D:7      | Reached skill level 8 in Armour
  7937 | D:8      | Found a glowing golden altar of the Shining One.
  8139 | D:8      | Reached skill level 7 in Invocations
  8166 | D:8      | Reached XP level 10. HP: 26/71 MP: 15/15
  8390 | D:8      | Reached skill level 9 in Armour
  8760 | D:8      | Reached skill level 13 in Axes
  8760 | D:8      | Reached skill level 8 in Invocations
  8964 | D:9      | Reached ***** piety under the Shining One
  8989 | D:9      | Found a staircase to the Lair.
  9061 | D:9      | Found an opulent altar of Gozag.
  9204 | D:9      | Found Riut's Weapon Shoppe.
  9226 | D:9      | Noticed Joseph
  9253 | D:9      | Killed Joseph
  9253 | D:9      | Reached skill level 1 in Evocations
  9638 | Lair:1   | Entered Level 1 of the Lair of Beasts
  9638 | Lair:1   | Noticed a spiny frog
  9700 | D:9      | Reached skill level 2 in Evocations
  9705 | D:9      | Killed a spiny frog
  9807 | D:9      | Reached skill level 10 in Armour
  9964 | D:9      | Reached skill level 3 in Evocations
 10051 | Lair:1   | Reached skill level 14 in Axes
 10063 | Lair:1   | Noticed a black mamba
 10083 | D:9      | Killed a black mamba
 10083 | D:9      | Reached XP level 11. HP: 45/77 MP: 17/17
 10093 | D:9      | HP: 23/77 [poisoned by a black mamba]
 10098 | D:9      | HP: 18/77 [poisoned by a black mamba]
 10103 | D:9      | HP: 14/77 [poisoned by a black mamba]
 10108 | D:9      | HP: 12/77 [poisoned by a black mamba]
 10115 | D:9      | HP: 11/77 [poisoned by a black mamba]
 10122 | D:9      | HP: 11/77 [poisoned by a black mamba]
 10130 | D:9      | HP: 10/77 [poisoned by a black mamba]
 10511 | Lair:1   | Reached skill level 4 in Evocations
 10956 | Lair:1   | Reached skill level 5 in Evocations
 11233 | Lair:1   | Reached skill level 11 in Armour
 12018 | Lair:2   | Noticed a seven-headed hydra
 12031 | Lair:2   | Killed a seven-headed hydra
 12034 | Lair:2   | Noticed a seven-headed hydra
 12251 | Lair:2   | HP: 19/77 [komodo dragon (21)]
 12253 | Lair:2   | Reached skill level 15 in Axes
 12709 | Lair:2   | Reached skill level 6 in Evocations
 12733 | Lair:2   | Killed a one-headed hydra
 13452 | Lair:3   | Reached XP level 12. HP: 53/84 MP: 18/18
 13610 | Lair:3   | HP: 17/84 [elephant (12)]
 13616 | Lair:3   | Reached skill level 12 in Armour
 13616 | Lair:3   | Reached skill level 7 in Evocations
 14251 | Lair:3   | HP: 25/84 [swamp worm (4)]
 14251 | Lair:3   | HP: 2/84 [bog body/bolt of cold (23)]
 14641 | D:9      | Bought a +0 battleaxe for 91 gold pieces
 15078 | Lair:3   | HP: 8/84 [komodo dragon (18)]
 15085 | Lair:3   | HP: 4/84 [bog body/bolt of cold (32)]
 15086 | Lair:3   | Killed from afar by a bog body

Skill      XL: |  1  2  3  4  5  6  7  8  9 10 11 12 |
---------------+-------------------------------------+-----
Axes           | 5 6 7 8 10 11 12 14 15 | 15.9
Armour         | 2 3 4 5 7 8 10 11 12 | 12.3
Invocations    | 4 7 8 |  8.0
Evocations     | 3 6 7 |  7.6
Fighting       | |  1.2
Stealth        | |  1.0
Shields        | |  1.1
Spellcasting   | |  1.0
Necromancy     | |  1.0
Transmutations | |  1.0

Action                   |  1- 3 |  4- 6 |  7- 9 | 10-12 || total
-------------------------+-------+-------+-------+-------++-------
Melee: Hand axe          |    96 |   103 |   505 |   140 ||   844
       War axe           |       |       |       |   355 ||   355
       Mace              |       |       |       |     6 ||     6
       Battleaxe         |       |       |       |    14 ||    14
Throw: Stone             |     5 |     8 |       |       ||    13
       Tomahawk          |       |       |       |    33 ||    33
Invok: Divine Shield     |       |       |     1 |       ||     1
 Abil: Evoke Berserk Rag |       |     4 |     1 |     1 ||     6
Evoke: Wand              |       |       |       |     5 ||     5
  Use: Scroll            |     2 |     4 |     9 |    14 ||    29
       Potion            |       |       |       |     2 ||     2
  Eat: Chunk             |     2 |    10 |     9 |    18 ||    39
       Ration            |       |       |     2 |     1 ||     3
Armor: Ring mail         |    28 |    50 |    32 |       ||   110
       Robe              |     2 |       |       |       ||     2
       Scale mail        |       |       |    54 |       ||    54
       Chain mail        |       |       |    83 |       ||    83
       Plate armour      |       |       |    61 |   396 ||   457
Dodge: Dodged            |    41 |    65 |   122 |   121 ||   349
Block: Buckler           |       |       |    36 |    47 ||    83

Table legend:
 A = Turns spent in this place as a percentage of turns spent in the entire game.
 B = Non-inter-level travel turns spent in this place as a percentage of non-inter-level travel turns spent in the entire game.
 C = Inter-level travel turns spent in this place as a percentage of turns spent in this place.
 D = Turns resting spent in this place as a percentage of non-inter-level travel turns spent in this place.
 E = Turns spent auto-exploring this place as a percentage of non-inter-level travel turns spent in this place.
 F = Non-inter-level travel turns spent in this place divided by the number of levels of this place that you've seen.
                   A       B       C       D       E      F
               +-------+-------+-------+-------+-------+----------------------
         Total | 100.0 | 100.0 |   4.1 |  30.7 |  42.7 | 1032.9
       Dungeon |  66.2 |  66.2 |   4.1 |  24.9 |  48.3 | 1064.4
        Temple |   1.4 |   1.3 |   5.4 |   0.0 |  98.5 | 194.0
          Lair |  30.7 |  30.6 |   4.5 |  46.5 |  30.5 | 1474.0
       Ossuary |   1.8 |   1.8 |   0.0 |   0.0 |   0.0 | 265.0
               +-------+-------+-------+-------+-------+----------------------

Levels and vault maps discovered:
D:1:      psy_arrival_basics, layout_loops_cross, serial_glass, glass_columns_c,
          glass_columns_b, dk_noncrumbling_4
D:2:      layout_basic, makhleb_grotto_becter, lemuel_coloured_pillars_altar,
          feat_on_display, uniq_crazy_yiuf_cottage, uniq_natasha
D:3:      layout_basic, overflow_temple_1_default,
          nicolae_overflow_hidden_temple, first_ration
D:4:      layout_rooms, kennysheep_little_box, minmay_temple_entry_slanted,
          uniq_menkaure
D:5:      layout_loops_ring, kennysheep_mini
D:6:      wad_woods_tower, layout_basic, nicolae_ossuary_entry_plus,
          serial_shops, nicolae_shop_overgrown_old_shop, shop
D:7:      layout_basic, overflow_temple_1_default, serial_shops, shop
D:8:      layout_loops_corners, grunt_livestock, nicolae_tso_carved_into_rock
D:9:      layout_cave_pools, overflow_temple_1_default, lair_entry_dummy,
          serial_shops, shop_fountains, statue_in_the_mist_lemuel, uniq_joseph
Temple:   eino_narrow_crystal_temple
Lair:1:   layout_cave_shapes, grunt_megastairs_2, serial_bayou_shore_b
Lair:2:   layout_roguey
Lair:3:   layout_big_grid, nicolae_swamp_entry_splash_gauntlet,
          nicolae_lair_grove_arrangements
Ossuary:  ossuary_tomb_1
